[Event "ICC tourney 2667 (40 10)"]
[Site "Internet Chess Club"]
[Date "2021.09.11"]
[Round "4"]
[White "SZERENCSY, IAN:iszerencsy"]
[Black "Otawa, Yuto:hidedozyo"]
[Result "0-1"]
[ICCResult "White resigns"]
[WhiteElo "1550"]
[BlackElo "2221"]
[Opening "Giuoco Piano"]
[ECO "C54"]
[NIC "IG.02"]
[Time "17:45:41"]
[TimeControl "2400+10"]

1. e4 e5 2. Nf3 Nc6 3. Bc4 Bc5 4. c3 Nf6 5. d4 exd4 6. e5 d5 7. Bb5 Ne4 8.
cxd4 Bb6 9. Be3 O-O 10. O-O Bg4 11. Nc3 Nxc3 12. bxc3 f6 13. exf6 Qxf6 14.
Be2 Rae8 15. Qb3 Qd6 16. Kh1 Na5 17. Qc2 c6 18. Ng5 Bf5 19. Bd3 Qg6 20. Bxf5
Rxf5 21. Nf3 Nc4 22. Bc1 Qh5 23. Nd2 Bc7 24. h3 Re2 25. Qd1 Rexf2 26. Nf3
R5xf3 27. Rxf2 Rxf2 28. Qe1 Qe2 29. Qxe2 Rxe2 30. Bg5 Bg3 {White resigns}
0-1

[Event "ICC tourney 2667 (40 10)"]
[Site "Internet Chess Club"]
[Date "2021.09.11"]
[Round "4"]
[White "Walsh, Tim R:Telos53"]
[Black "NGUYEN, JAMES L:carokann2007"]
[Result "0-1"]
[ICCResult "White resigns"]
[WhiteElo "1885"]
[BlackElo "1844"]
[Opening "Queen's pawn game"]
[ECO "D04"]
[NIC "QP.08"]
[Time "17:46:19"]
[TimeControl "2400+10"]

1. d4 d5 2. Nf3 Nf6 3. e3 c6 4. Bd3 Bg4 5. c4 e6 6. Nbd2 Nbd7 7. O-O Bd6 8.
Qc2 O-O 9. c5 Bc7 10. b4 e5 11. dxe5 Nxe5 12. Nxe5 Bxe5 13. Bb2 Qc7 14. h3
Bh5 15. Rfe1 Rfe8 16. a4 Rad8 17. Rac1 Re7 18. Ba3 Rde8 19. Nb3 d4 20. Kh1
dxe3 21. Rxe3 Nd5 22. Ree1 Nf4 23. Bxh7+ Kh8 24. Bf5 g6 25. Bd3 Nxh3 26.
Rxe5 Rxe5 27. Bb2 Kh7 28. Bxe5 Qxe5 29. Bf1 Qg5 30. gxh3 Bf3+ 31. Kh2 Qf4+
32. Kg1 Re5 33. Qc4 Rg5+ 34. Bg2 Rxg2+ 35. Kf1 Rh2 {White resigns} 0-1

[Event "ICC tourney 2667 (40 10)"]
[Site "Internet Chess Club"]
[Date "2021.09.11"]
[Round "4"]
[White "CHUBAKOV, SULTAN:schubakov"]
[Black "PARK, EVAN:espark"]
[Result "0-1"]
[ICCResult "White resigns"]
[WhiteElo "2100"]
[BlackElo "2210"]
[Opening "Queen's pawn game"]
[ECO "E10"]
[NIC "QI.01"]
[Time "17:45:37"]
[TimeControl "2400+10"]

1. d4 Nf6 2. c4 e6 3. Nf3 d5 4. g3 Bb4+ 5. Bd2 Be7 6. Bg2 O-O 7. O-O Nbd7 8.
Qc2 c6 9. Bf4 Ne4 10. Nbd2 g5 11. Be3 f5 12. Nxe4 dxe4 13. Ne5 Nxe5 14. dxe5
Qc7 15. Bd4 c5 16. Bc3 Bd7 17. Rad1 Bc6 18. b3 h5 19. Bb2 Kf7 20. f3 exf3
21. Bxf3 Bxf3 22. Rxf3 Rad8 23. Rdf1 g4 24. R3f2 Qd7 25. e4 Kg6 26. exf5+
exf5 27. Bc1 Qd3 28. Qb2 h4 29. Rd2 Qe4 30. Re2 Qd4+ 31. Be3 Qxb2 32. Rxb2
Rd3 33. Kf2 Rh8 34. Ke2 Rdd8 35. Rbb1 hxg3 36. hxg3 Rh3 37. Bf4 Bg5 38. Rbd1
Rh2+ 39. Ke3 Rg2 40. Rxd8 Rxg3+ 41. Ke2 Rg2+ 42. Ke3 Bxd8 43. Rd1 Bg5 44.
Rd6+ Kh5 45. Bxg5 Kxg5 46. e6 f4+ 47. Kd3 Kf6 48. Ke4 f3 49. Ke3 Re2+ 50.
Kf4 f2 51. e7+ Kxe7 {White resigns} 0-1

[Event "ICC tourney 2667 (40 10)"]
[Site "Internet Chess Club"]
[Date "2021.09.11"]
[Round "4"]
[White "JORAJURIA MENDOZA, ALGOL:AJM04"]
[Black "LIN, LEO FANYUE:Leolix"]
[Result "1-0"]
[ICCResult "Black resigns"]
[WhiteElo "2050"]
[BlackElo "1850"]
[Opening "Sicilian: closed, 2...Nc6"]
[ECO "B23"]
[NIC "SI.44"]
[Time "17:45:33"]
[TimeControl "2400+10"]

1. e4 c5 2. Nc3 Nc6 3. Bb5 g6 4. Bxc6 bxc6 5. f4 Bg7 6. Nf3 e6 7. O-O Ne7 8.
d3 O-O 9. Be3 d6 10. Qd2 Rb8 11. Rab1 Qa5 12. e5 Nf5 13. Bf2 Rd8 14. g4 Nd4
15. Nxd4 cxd4 16. Bxd4 dxe5 17. Bxe5 Bxe5 18. fxe5 Qxe5 19. Qf2 Rb7 20. Ne4
f5 21. Nc5 Rb5 22. b4 a5 23. a3 Rd4 24. gxf5 exf5 25. c4 Rb8 26. Rfe1 Qd6
27. Re8+ Kg7 28. h3 f4 29. Rbe1 Qf6 30. Rxc8 Rxc8 31. Ne6+ Kf7 32. Qxd4
Qxd4+ 33. Nxd4 axb4 34. axb4 c5 35. bxc5 Rxc5 36. Re4 g5 37. Kf2 Kf6 38. Kf3
Ra5 39. Re6+ Kf7 40. Nc6 Ra3 41. Rd6 h5 42. Ne5+ Ke7 43. Rg6 h4 44. Rxg5 Kf6
45. Kxf4 Ra1 46. Rg6+ Ke7 47. Rg7+ Ke6 48. Rg6+ Ke7 49. c5 Rh1 50. c6 Kd8
51. Rg8+ Kc7 52. Rg7+ Kc8 53. Nc4 Rf1+ 54. Ke5 Re1+ 55. Kd5 Kb8 56. c7+ Kb7
57. Nd6+ Kb6 58. c8=Q Re5+ 59. Kxe5 {Black resigns} 1-0

[Event "ICC tourney 2667 (40 10)"]
[Site "Internet Chess Club"]
[Date "2021.09.11"]
[Round "4"]
[White "WINDRAM, JAMES ALEXANDER:Cypsiurus"]
[Black "Nesham, William Joseph:FireFox95"]
[Result "1-0"]
[ICCResult "Black resigns"]
[WhiteElo "1639"]
[BlackElo "2008"]
[Opening "English opening"]
[ECO "A30"]
[NIC "QP.11"]
[Time "17:45:45"]
[TimeControl "2400+10"]

1. Nf3 Nf6 2. c4 c5 3. e3 g6 4. b3 Bg7 5. Bb2 O-O 6. Be2 Nc6 7. O-O b6 8. d3
Bb7 9. a3 Qc7 10. Nbd2 Rad8 11. Qc2 Rfe8 12. Rfe1 e5 13. Bf1 d5 14. cxd5
Nxd5 15. Rac1 Qd7 16. Qb1 Qg4 17. h3 Qh5 18. Ne4 Qh6 19. Ng3 f5 20. e4 fxe4
21. dxe4 Nf4 22. Bc4+ Kh8 23. Bb5 a6 24. Bxc6 Bxc6 25. Rcd1 Rxd1 26. Qxd1
Bf6 27. Qd6 Re6 28. Qb8+ Be8 29. Bxe5 Bxe5 30. Nxe5 Qg7 31. Ng4 Nd3 32. Re3
Qc3 33. Qc8 Re7 34. Qd8 Qc1+ 35. Kh2 Re6 36. Qxd3 h5 37. Qd5 Bf7 38. Nh6 h4
39. Nxf7+ Kg7 40. Nh5+ Kxf7 41. Nf4 g5 42. Qxe6+ Kf8 43. Qf6+ Ke8 44. Ng6
Kd7 45. Rd3+ Kc7 46. Qe7+ {Black resigns} 1-0

[Event "ICC tourney 2667 (40 10)"]
[Site "Internet Chess Club"]
[Date "2021.09.11"]
[Round "4"]
[White "YAN, RUIYANG:jy2020"]
[Black "LIU, ERIC CHANG:el008"]
[Result "1-0"]
[ICCResult "Black resigns"]
[WhiteElo "2155"]
[BlackElo "1934"]
[Opening "Sicilian: Najdorf"]
[ECO "B90"]
[NIC "SI.14"]
[Time "17:45:37"]
[TimeControl "2400+10"]

1. e4 c5 2. Nf3 d6 3. d4 cxd4 4. Nxd4 Nf6 5. Nc3 a6 6. a4 e5 7. Nf3 h6 8.
Bc4 Be7 9. O-O O-O 10. Qe2 Be6 11. Rd1 Qc7 12. Bb3 Bxb3 13. cxb3 Qb6 14. Qc2
Nc6 15. Be3 Qa5 16. Nd2 Nb4 17. Qb1 d5 18. exd5 Nbxd5 19. Nc4 Nxc3 20. bxc3
Qxc3 21. Bd2 Qd4 22. Be3 Qh4 23. Nxe5 Rfd8 24. Qc2 Nd5 25. Bd4 Nb4 26. Qc4
Qf4 27. Ng6 Qe4 28. Nxe7+ Qxe7 29. Bc5 Rxd1+ 30. Rxd1 Rd8 31. Rf1 Qg5 32.
Qxb4 Rd7 33. Be3 Qd5 34. h3 Kh7 35. Rc1 Qe6 36. Qc4 Qf5 37. Qc2 Qxc2 38.
Rxc2 Rd3 39. b4 Ra3 40. a5 Rb3 41. Bc5 Rd3 42. Re2 Kg6 43. Re7 Rd1+ 44. Kh2
f5 45. Rxb7 {Black resigns} 1-0

[Event "ICC tourney 2667 (40 10)"]
[Site "Internet Chess Club"]
[Date "2021.09.11"]
[Round "4"]
[White "LING, CHENXUAN:UnicornMM"]
[Black "QUIRKE, JEFFREY L:PawnEatingZombi"]
[Result "0-1"]
[ICCResult "White checkmated"]
[WhiteElo "1626"]
[BlackElo "2058"]
[Opening "QGD: exchange, positional line, 5...c6"]
[ECO "D35"]
[NIC "QO.16"]
[Time "17:45:45"]
[TimeControl "2400+10"]

1. d4 d5 2. c4 e6 3. Nc3 Nf6 4. cxd5 exd5 5. Bg5 c6 6. e3 h6 7. Bh4 Be6 8.
Bd3 Nbd7 9. Nge2 g5 10. Bg3 Nh5 11. Qc2 Nxg3 12. Nxg3 h5 13. Bf5 Qf6 14.
Bxe6 fxe6 15. e4 h4 16. e5 Qg7 17. Nge2 O-O-O 18. h3 Kb8 19. O-O-O Be7 20.
Kb1 Rdf8 21. f3 Qh7 22. Qxh7 Rxh7 23. Rhe1 Nb6 24. b3 Bb4 25. Kb2 Kc7 26. a3
Ba5 27. Rf1 Rhf7 28. Kc2 Bxc3 29. Nxc3 Kd7 30. Rfe1 Nc8 31. Na4 b6 32. Nc3
Ne7 33. Kb2 Nf5 34. Rd2 Kc7 35. b4 Kb7 36. Nd1 Rc7 37. Ne3 Nxe3 38. Rxe3 Rf4
39. Rc3 c5 40. dxc5 bxc5 41. bxc5 Kc6 42. Rdc2 Rb7+ 43. Kc1 Rf5 44. Re2 Rb5
45. Kd1 a5 46. Kc2 Rxc5 47. Rxc5+ Kxc5 48. Kc3 a4 49. Kd3 Rf4 50. Rb2 Rd4+
51. Kc3 Rc4+ 52. Kd3 d4 53. Rb8 Rc3+ 54. Ke2 Rxa3 55. Rc8+ Kd5 56. Rg8 Ra2+
57. Kf1 a3 58. Rxg5 Ra1+ 59. Ke2 a2 60. Rg8 Rb1 61. Rd8+ Kxe5 62. Ra8 a1=Q
63. Rxa1 Rxa1 64. Kd3 Kd5 65. f4 Ra3+ 66. Kd2 Ke4 67. Ke2 Ra2+ 68. Ke1 Ke3
69. Kd1 d3 70. Kc1 Rxg2 71. Kb1 Rg1+ 72. Kb2 d2 73. Kb3 d1=Q+ 74. Kb2 Rg8
75. Kc3 Rc8+ 76. Kb4 Qb1+ 77. Ka5 Rb8 78. Ka4 Kxf4 79. Ka5 Kg3 80. Ka6 Kxh3
81. Ka7 Kg3 82. Ka6 h3 83. Ka7 h2 84. Ka6 h1=Q 85. Ka7 e5 86. Ka6 e4 87. Ka7
e3 88. Ka6 e2 89. Ka7 e1=Q 90. Ka6 Qh6+ 91. Ka7 Qg7+ 92. Ka6 Qf6+ 93. Ka7
Qfe7+ 94. Ka6 Qd6+ 95. Ka7 Qc7+ 96. Ka6 Rb6# {White checkmated} 0-1

[Event "ICC tourney 2667 (40 10)"]
[Site "Internet Chess Club"]
[Date "2021.09.11"]
[Round "4"]
[White "Wan, Joseph Cheng-Yue:cyborg86"]
[Black "Gao, Marvin:kaiclc"]
[Result "0-1"]
[ICCResult "White forfeits on time"]
[WhiteElo "2295"]
[BlackElo "1939"]
[Opening "Sicilian: Nimzovich-Rossolimo attack (with ...g6, without ...d6)"]
[ECO "B31"]
[NIC "SI.31"]
[Time "17:45:38"]
[TimeControl "2400+10"]

1. e4 c5 2. Nf3 Nc6 3. Bb5 g6 4. O-O Bg7 5. c3 Nf6 6. e5 Nd5 7. d4 Nc7 8.
Ba4 O-O 9. dxc5 Nxe5 10. Nxe5 Bxe5 11. Re1 Bg7 12. Qf3 b6 13. Bf4 Rb8 14.
Qg3 e5 15. Rxe5 Bxe5 16. Bxe5 Rb7 17. cxb6 axb6 18. Nd2 b5 19. Ne4 Ne8 20.
Bb3 d6 21. Rd1 Be6 22. Qf3 Bxb3 23. axb3 Rd7 24. Bf6 Qa8 25. h3 d5 26. Nc5
Nxf6 27. Nxd7 Nxd7 28. Qxd5 Nf6 29. Qxb5 Qa2 30. Qb6 Ne4 31. f3 Ng3 32. Qf2
Qxb3 33. Re1 Nf5 34. f4 Rb8 35. Re2 Nd6 36. Qd4 Nc4 37. f5 Nxb2 38. fxg6
hxg6 39. Kh2 Nc4 40. Re4 Rc8 41. h4 Qb8+ 42. Kh3 Nd6 43. Rg4 Nb5 44. Qf6
Rxc3+ 45. g3 Qd6 46. Qxd6 Nxd6 47. h5 Kg7 48. hxg6 fxg6 49. Kh2 Nf5 50. Kh3
Kh6 51. Kh2 Kh5 52. Ra4 Nxg3 53. Kg2 Nf5 54. Ra8 g5 55. Rf8 Kg4 56. Kf2 Rc2+
57. Ke1 Ng3 {White forfeits on time} 0-1

[Event "ICC tourney 2667 (40 10)"]
[Site "Internet Chess Club"]
[Date "2021.09.11"]
[Round "4"]
[White "Chakrabarti, Brejesh:Kochi222"]
[Black "KUSHALNAGAR, NIRUPAM:K12-17349316"]
[Result "1-0"]
[ICCResult "Black resigns"]
[WhiteElo "2006"]
[BlackElo "1608"]
[Opening "Réti opening"]
[ECO "A05"]
[NIC "QP.11"]
[Time "17:45:42"]
[TimeControl "2400+10"]

1. Nf3 Nf6 2. g3 Nc6 3. d4 d5 4. Bg2 Bf5 5. c3 e6 6. O-O Be7 7. Nbd2 Ne4 8.
Nxe4 Bxe4 9. Nd2 Bxg2 10. Kxg2 h5 11. e4 h4 12. Qg4 hxg3 13. fxg3 dxe4 14.
Qxg7 Rf8 15. Nxe4 Qd5 16. Re1 f5 17. Qg6+ Kd7 18. c4 Qxc4 19. Nc3 Nxd4 20.
Bh6 Qc6+ 21. Kf2 Qf3+ 22. Kg1 Rf6 23. Qg7 Rxh6 24. Qxd4+ Bd6 25. Rf1 Qh5 26.
Rf2 Rg8 27. Rg2 a6 28. Ne2 Qg4 29. Qd2 Rh7 30. Rc1 Qg5 31. Qc2 Kc8 32. Rd1
Qe3+ 33. Kf1 Rd7 34. Rd3 Qe4 35. Nc3 Qc4 36. b3 Qb4 37. Qe2 Rg6 38. Qd1 f4
39. g4 f3 40. Qxf3 Be5 41. Ne4 Rxd3 42. Qxd3 Rg8 43. g5 Rd8 44. Qc2 Qd4 45.
Rd2 Qe3 46. Rxd8+ Kxd8 47. Qg2 Qf4+ 48. Ke2 Qxh2 49. Qxh2 Bxh2 50. Nc5 Ke7
51. Kf3 b6 52. Nxa6 Kd7 53. Ke4 Bd6 54. Nb8+ Ke7 55. Nc6+ Kf7 56. Ne5+ Kg7
57. a4 Bb4 58. Nc6 Bd6 59. Nd8 Kg6 60. Nxe6 Bh2 61. Kd5 Bg3 62. Kc6 Kf5 63.
Nxc7 Kxg5 64. Kxb6 Kf6 65. Kc6 Ke7 66. Nb5 {Black resigns} 1-0

[Event "ICC tourney 2667 (40 10)"]
[Site "Internet Chess Club"]
[Date "2021.09.11"]
[Round "4"]
[White "ZILBERSTEIN, DMITRY:Zil"]
[Black "RAJANISH, ADHVAITH:Adhvaith0406"]
[Result "1-0"]
[ICCResult "Black resigns"]
[WhiteElo "2447"]
[BlackElo "1944"]
[Opening "Queen's Indian: 4.Nc3"]
[ECO "E12"]
[NIC "QI.02"]
[Time "17:45:56"]
[TimeControl "2400+10"]

1. d4 Nf6 2. c4 e6 3. Nf3 b6 4. Nc3 Bb7 5. a3 d5 6. cxd5 Nxd5 7. Qc2 c5 8.
e4 Nxc3 9. bxc3 Nc6 10. Be3 cxd4 11. cxd4 Rc8 12. Qa2 Bd6 13. Bd3 O-O 14.
O-O e5 15. d5 Nb8 16. Qb2 Qe7 17. a4 Na6 18. a5 Nb4 19. Bb1 f5 20. axb6 axb6
21. Ra7 Ra8 22. Bg5 Qc7 23. Rxa8 Bxa8 24. Rc1 Qb8 25. Bd2 Na6 26. Qa2 fxe4
27. Ng5 Nc5 28. Bxe4 h6 29. Ne6 Nxe4 30. Nxf8 Qxf8 31. Be3 Nf6 32. Qa6 Nxd5
33. Rc8 Nxe3 34. Rxf8+ Bxf8 35. Qxa8 Ng4 36. Qd5+ Kh8 37. Qd8 Kg8 38. h3 Nf6
39. Qxb6 e4 40. Qe6+ Kh8 41. g3 Bb4 42. Qe5 Bf8 43. Kg2 Kg8 44. g4 Kf7 45.
h4 Be7 46. g5 hxg5 47. hxg5 Ne8 48. Qf5+ Kg8 49. Qxe4 Kf8 50. Qf5+ Kg8 51.
Qe6+ Kf8 52. f4 Bd6 53. g6 {Black resigns} 1-0

[Event "ICC tourney 2667 (40 10)"]
[Site "Internet Chess Club"]
[Date "2021.09.11"]
[Round "4"]
[White "Brimble, Mark:Kiwiinoz"]
[Black "CHRISNEY, ADAM RENFRO:arenfroc"]
[Result "1-0"]
[ICCResult "Black resigns"]
[WhiteElo "1626"]
[BlackElo "1668"]
[Opening "Sicilian: Najdorf, Lipnitzky attack"]
[ECO "B86"]
[NIC "SI.13"]
[Time "17:45:41"]
[TimeControl "2400+10"]

1. e4 c5 2. Nf3 d6 3. d4 cxd4 4. Nxd4 Nf6 5. Nc3 a6 6. Bc4 e6 7. O-O Be7 8.
Bb3 Qc7 9. Qf3 Bd7 10. Qg3 O-O 11. Bh6 Ne8 12. Rad1 Nc6 13. Nxc6 Bxc6 14.
Rfe1 Kh8 15. Bf4 Rc8 16. Kh1 b5 17. a3 a5 18. f3 Qb7 19. Rd2 a4 20. Ba2 b4
21. axb4 Qxb4 22. Nd1 a3 23. c3 Qa4 24. b3 Qa5 25. Ree2 Bb5 26. c4 Ba6 27.
Nf2 Qc3 28. Rd3 Qb4 29. Rd1 Qa5 30. Nd3 Qb6 31. Bc1 Qa5 32. Bd2 Qh5 33. Bb4
Ra8 34. Ne1 Bb7 35. Nc2 Nf6 36. Red2 Bxe4 37. Nxa3 Bb7 38. Nb5 h6 39. Nxd6
Bxd6 40. Bxd6 Rfe8 41. Be5 Bc6 42. Bb1 Rg8 43. Bc3 Ra3 44. Bc2 Raa8 45. Rd4
Qc5 46. Rh4 Qe3 47. Bd4 Qxd4 48. Rdxd4 Nh7 49. h3 Be8 50. Rd1 Ra2 51. Bxh7
Kxh7 52. Rhd4 Bc6 53. Rd8 Rb2 54. Rxg8 Kxg8 55. Rd8+ Kh7 56. Qf4 f6 57. Qb8
e5 58. Rh8+ Kg6 59. Rc8 Bd7 60. Rc7 Bf5 61. Qb7 Kg5 62. Rxg7+ Kf4 63. Rf7
Kg3 64. Rg7+ Kf2 65. Qb6+ Ke2 66. Kh2 Bc2 67. b4 f5 68. c5 e4 69. fxe4 Bxe4
70. Qb5+ Ke1 71. Qc4 Rd2 72. c6 Bd5 73. Qc1+ Rd1 74. Qc3+ Kf2 75. Qc2+ Ke1
76. Qxd1+ Kxd1 77. c7 Bb7 78. b5 Ke2 79. b6 f4 80. Rg8 f3 81. gxf3
{Black resigns}
1-0

[Event "ICC tourney 2667 (40 10)"]
[Site "Internet Chess Club"]
[Date "2021.09.11"]
[Round "5"]
[White "Belous, Vladimir:Openyagami"]
[Black "JEGAN, ALAN:playtowin2020"]
[Result "0-1"]
[ICCResult "White resigns"]
[WhiteElo "2540"]
[BlackElo "1934"]
[Opening "English: symmetrical variation"]
[ECO "A30"]
[NIC "EO.34"]
[Time "20:01:28"]
[TimeControl "2400+10"]

1. c4 c5 2. Nf3 g6 3. Nc3 Nc6 4. e3 Nf6 5. d4 cxd4 6. exd4 d5 7. cxd5 Nxd5
8. Bc4 Nb6 9. Bb5 Nd5 10. Qb3 Nxc3 11. bxc3 Bd7 12. O-O Bg7 13. Re1 O-O 14.
Ba3 Re8 15. Ng5 e6 16. Ne4 Na5 17. Qa4 Bxb5 18. Qxb5 a6 19. Qe2 b5 20. Nd6
Re7 21. Nxb5 axb5 22. Bxe7 Qxe7 23. Qxb5 Qc7 24. Rec1 Nc4 25. a4 Ra5 26. Qb3
Bf8 27. g3 Qc6 28. Qd1 Kg7 29. Rcb1 Rd5 30. Qe2 Ra5 31. Qc2 Na3 32. Rxa3
Bxa3 33. Ra1 Bb4 34. Rc1 Be7 35. Ra1 Bf6 36. Qb3 e5 37. Qb4 Qc7 38. d5 Be7
39. Qb3 Bc5 40. c4 Bd4 41. Ra2 Ra6 42. Kg2 Rb6 43. Qd3 Qc5 44. h4 Ra6 45.
Qb3 Rb6 46. Qd3 Qa5 47. h5 Qe1 48. Qf1 Qe4+ 49. f3 Qe3 50. a5 Ra6 51. c5
Rxa5 52. Rxa5 Qd2+ 53. Kh3 Qxa5 54. h6+ Kf6 55. c6 Qxd5 56. Qc1 Bc5 57. c7
Qd7+ {White resigns} 0-1

[Event "ICC tourney 2667 (40 10)"]
[Site "Internet Chess Club"]
[Date "2021.09.11"]
[Round "5"]
[White "CHRISNEY, ADAM RENFRO:arenfroc"]
[Black "GARG, PRIYANSH:Priyansh2011"]
[Result "0-1"]
[ICCResult "White resigns"]
[WhiteElo "1668"]
[BlackElo "1479"]
[Opening "Petrov: classical attack"]
[ECO "C42"]
[NIC "RG.04"]
[Time "20:01:41"]
[TimeControl "2400+10"]

1. e4 e5 2. Nf3 Nf6 3. Nxe5 d6 4. Nf3 Nxe4 5. d4 Be7 6. d5 O-O 7. Bd3 Nf6 8.
c4 Bg4 9. O-O Nbd7 10. Nbd2 Ne5 11. Qc2 Nxf3+ 12. Nxf3 Bxf3 13. gxf3 h6 14.
Kh1 c6 15. dxc6 bxc6 16. Rg1 Kh8 17. Rg2 d5 18. Bd2 dxc4 19. Qxc4 Qd5 20.
Qxd5 Nxd5 21. Rag1 Bf6 22. b3 Rad8 23. Bc4 Nb6 24. Ba5 Rd7 25. Bf1 Nd5 26.
a4 Rb8 27. Bc4 Nf4 28. Rg4 Nd3 29. Rf1 Ne5 30. Re4 Nxc4 31. Rxc4 Rxb3 32.
Rxc6 Rxf3 33. Kg2 Rf4 34. Bc7 Rxa4 35. h3 Rd5 36. Re1 Kh7 37. Bg3 Rg5 38.
Rc7 Kg6 39. Re3 h5 40. Kh2 Rd4 41. Rf3 h4 42. Bf4 Rf5 {White resigns} 0-1

[Event "ICC tourney 2667 (40 10)"]
[Site "Internet Chess Club"]
[Date "2021.09.11"]
[Round "5"]
[White "REMPE, MIEKE:MChessy"]
[Black "WU, EVERETT:EW2006"]
[Result "1-0"]
[ICCResult "Black resigns"]
[WhiteElo "1900"]
[BlackElo "1602"]
[Opening "Ruy Lopez: Berlin defense, 4.O-O, d6"]
[ECO "C66"]
[NIC "RL.02"]
[Time "20:00:47"]
[TimeControl "2400+10"]

1. e4 e5 2. Nf3 Nc6 3. Bb5 d6 4. O-O Nf6 5. Nc3 Bd7 6. d4 Nxd4 7. Bxd7+ Qxd7
8. Nxd4 exd4 9. Qxd4 Be7 10. e5 dxe5 11. Qxe5 O-O-O 12. Be3 a6 13. Rfd1 Bd6
14. Qd4 b6 15. h3 Qc6 16. Qh4 Be5 17. Bd4 Bxd4 18. Rxd4 Rxd4 19. Qxd4 Rd8
20. Qe3 Qe6 21. Qxe6+ fxe6 22. Re1 Kd7 23. Rd1+ Ke7 24. Rxd8 Kxd8 25. Kf1
Kd7 26. Ke2 Kd6 27. Ke3 g5 28. Ne4+ Nxe4 29. Kxe4 b5 30. g4 a5 31. f4 Ke7
32. fxg5 Kf7 33. h4 Kg6 34. Ke5 Kf7 35. Kd4 Kf8 36. Kc5 b4 37. c3 bxc3 38.
bxc3 Kf7 39. a4 Ke8 40. h5 Ke7 41. Kd4 Kf8 42. c4 Ke7 43. c5 Ke8 44. Ke5 Kd7
{Black resigns}
1-0

[Event "ICC tourney 2667 (40 10)"]
[Site "Internet Chess Club"]
[Date "2021.09.11"]
[Round "5"]
[White "RAMESH, RAHUL:rockinroll"]
[Black "CHUBAKOV, SULTAN:schubakov"]
[Result "0-1"]
[ICCResult "White resigns"]
[WhiteElo "1708"]
[BlackElo "2100"]
[Opening "Queen's pawn, Mason variation"]
[ECO "D00"]
[NIC "QP.08"]
[Time "20:00:46"]
[TimeControl "2400+10"]

1. d4 d5 2. Bf4 Nf6 3. e3 c5 4. dxc5 e6 5. b4 a5 6. c3 Bd7 7. Nd2 b6 8. cxb6
axb4 9. b7 Ra7 10. cxb4 Bxb4 11. Rb1 Rxb7 12. Nf3 Ne4 13. Bd3 Nc3 14. Qc1
Nxb1 15. Bxb1 O-O 16. Qc2 f5 17. O-O Nc6 18. Qb2 Qa8 19. Nd4 Nxd4 20. Qxd4
Rc8 21. Nb3 Bc3 22. Qd3 Bb5 {White resigns} 0-1

[Event "ICC tourney 2667 (40 10)"]
[Site "Internet Chess Club"]
[Date "2021.09.11"]
[Round "5"]
[White "GUTLA, ARYAN:Aryangambit"]
[Black "GUO, YU HAN (VERONICA):VeronicaG"]
[Result "1-0"]
[ICCResult "Black checkmated"]
[WhiteElo "1961"]
[BlackElo "1650"]
[Opening "Caro-Kann: classical, Spassky variation"]
[ECO "B18"]
[NIC "CK.12"]
[Time "20:00:57"]
[TimeControl "2400+10"]

1. e4 c6 2. d4 d5 3. Nc3 dxe4 4. Nxe4 Bf5 5. Ng3 Bg6 6. Nf3 Nd7 7. h4 h6 8.
h5 Bh7 9. Bd3 Bxd3 10. Qxd3 e6 11. Bd2 Qc7 12. O-O-O Ngf6 13. Ne4 Nxe4 14.
Qxe4 Nf6 15. Qe2 O-O-O 16. Kb1 Bd6 17. Ne5 Bxe5 18. dxe5 Nd5 19. c4 Nb6 20.
b3 Rd7 21. Ba5 Rhd8 22. Bc3 Rxd1+ 23. Rxd1 Rxd1+ 24. Qxd1 Nd7 25. Qg4 Nxe5
26. Qxg7 Nd3 27. Qxh6 Qd6 28. Qh8+ Kc7 29. Qd4 e5 30. Qxd6+ Kxd6 31. h6 Nf4
32. h7 Ng6 33. f4 f6 34. f5 Nh8 35. g4 Nf7 36. Bd2 e4 37. Bc3 Ke7 38. g5
fxg5 39. Kc2 g4 40. h8=Q Nxh8 41. Bxh8 Kd6 42. Kd2 c5 43. Ke3 g3 44. Bc3 a6
45. a4 b6 46. Ba1 Ke7 47. Be5 g2 48. Kf2 e3+ 49. Kxg2 e2 50. Kf2 e1=Q+ 51.
Kxe1 a5 52. Bc7 Kf6 53. Bxb6 Kxf5 54. Bxa5 Ke6 55. Bc3 Kd6 56. a5 Kc6 57.
Be5 Kb7 58. Bd6 Ka6 59. Bxc5 Kxa5 60. b4+ Ka6 61. b5+ Kb7 62. Kd2 Kc7 63.
b6+ Kc6 64. Kc3 Kb7 65. Kb4 Kc6 66. Bg1 Kb7 67. Kb5 Kb8 68. c5 Kc8 69. c6
Kb8 70. Bh2+ Ka8 71. b7+ Ka7 72. b8=Q# {Black checkmated} 1-0

[Event "ICC tourney 2667 (40 10)"]
[Site "Internet Chess Club"]
[Date "2021.09.11"]
[Round "5"]
[White "POWER, SEAN K:KnightHopper"]
[Black "Brimble, Mark:Kiwiinoz"]
[Result "0-1"]
[ICCResult "White resigns"]
[WhiteElo "1965"]
[BlackElo "1626"]
[Opening "Scotch: Horwitz attack"]
[ECO "C45"]
[NIC "SO.04"]
[Time "20:00:52"]
[TimeControl "2400+10"]

1. e4 e5 2. Nf3 Nc6 3. d4 exd4 4. Nxd4 Qh4 5. Nb5 Bc5 6. Qe2 Nd4 7. Nxc7+
Kd8 8. Qc4 Qxe4+ 9. Be3 Nxc2+ 10. Kd2 Qxc4 11. Bxc4 Nxe3 12. Nxa8 Nxc4+ 13.
Kc3 d5 14. Rd1 Be6 15. b3 Nd6 16. f3 Nf6 17. b4 Be3 18. Na3 Kd7 19. Nc2 Bf4
20. Re1 Rxa8 21. g3 Rc8+ 22. Kb2 Bd2 23. Rxe6 fxe6 24. Rd1 Bc3+ 25. Kb3 Nfe8
26. Ne3 Bf6 27. Ng4 Rc3+ 28. Kb2 Rxf3+ 29. Nxf6+ Nxf6 30. Rd2 Nc4+ 31. Kc2
Nxd2 32. Kxd2 Ne4+ 33. Ke2 Rf2+ 34. Ke3 Rxa2 35. h4 Nxg3 36. b5 Nf5+ 37. Kd3
Ra3+ 38. Kd2 Nxh4 39. Ke2 {White resigns} 0-1

[Event "ICC tourney 2667 (40 10)"]
[Site "Internet Chess Club"]
[Date "2021.09.11"]
[Round "5"]
[White "Gao, Marvin:kaiclc"]
[Black "PARK, EVAN:espark"]
[Result "0-1"]
[ICCResult "White resigns"]
[WhiteElo "1939"]
[BlackElo "2210"]
[Opening "Ruy Lopez: Classical defense deferred"]
[ECO "C70"]
[NIC "RL.09"]
[Time "20:00:55"]
[TimeControl "2400+10"]

1. e4 e5 2. Nf3 Nc6 3. Bb5 a6 4. Ba4 Bc5 5. O-O Nge7 6. c3 Ng6 7. d4 Ba7 8.
Re1 O-O 9. Be3 exd4 10. Nxd4 Nxd4 11. Bxd4 Bxd4 12. cxd4 d5 13. e5 f6 14.
Bc2 Nf4 15. Nc3 fxe5 16. Rxe5 Qf6 17. Qd2 c6 18. Rf1 Bh3 19. Ne2 Nxg2 20.
Bxh7+ Kxh7 21. Rh5+ Kg8 22. Rxh3 Nh4 23. Qd3 Rae8 24. Ng3 Re1 25. Qc2 Rxf1+
26. Kxf1 Qxd4 27. Nh1 Qf4 28. Ng3 Qg4 29. Rxh4 Qxh4 {White resigns} 0-1

[Event "ICC tourney 2667 (40 10)"]
[Site "Internet Chess Club"]
[Date "2021.09.11"]
[Round "5"]
[White "NGUYEN, JAMES L:carokann2007"]
[Black "OBERAI, VIKRAM:vober6"]
[Result "0-1"]
[ICCResult "White resigns"]
[WhiteElo "1844"]
[BlackElo "1936"]
[Opening "Ruy Lopez: closed, Chigorin defense"]
[ECO "C97"]
[NIC "RL.24"]
[Time "20:01:15"]
[TimeControl "2400+10"]

1. e4 e5 2. Nf3 Nc6 3. Bb5 a6 4. Ba4 Nf6 5. O-O Be7 6. Re1 b5 7. Bb3 d6 8.
c3 O-O 9. h3 Na5 10. Bc2 c5 11. d4 Qc7 12. Nbd2 Rd8 13. Nf1 cxd4 14. cxd4
exd4 15. Nxd4 d5 16. e5 Ne4 17. Qd3 Bc5 18. f3 Bb7 19. Bf4 Qb6 20. fxe4 dxe4
21. Qg3 Bxd4+ 22. Be3 Rac8 23. Rac1 Nc4 24. Kh1 Nxe3 25. Nxe3 Qg6 26. Qf4
Re8 27. Ng4 Bxb2 28. Bxe4 Bxc1 {White resigns} 0-1

[Event "ICC tourney 2667 (40 10)"]
[Site "Internet Chess Club"]
[Date "2021.09.11"]
[Round "5"]
[White "BONDALAPATI, SRI VIBHAV:Vibhu11"]
[Black "Nesham, William Joseph:FireFox95"]
[Result "0-1"]
[ICCResult "White checkmated"]
[WhiteElo "1736"]
[BlackElo "2008"]
[Opening "Giuoco Piano"]
[ECO "C50"]
[NIC "IG.02"]
[Time "20:00:53"]
[TimeControl "2400+10"]

1. e4 e5 2. Nf3 Nc6 3. Bc4 Bc5 4. O-O Nf6 5. Nc3 d6 6. h3 Be6 7. Bb5 O-O 8.
d3 Nd4 9. Nxd4 Bxd4 10. Ne2 Bb6 11. Ng3 c6 12. Ba4 d5 13. Qf3 h6 14. Bb3 a5
15. a3 a4 16. Ba2 dxe4 17. Nxe4 Nxe4 18. dxe4 Bxa2 19. Rxa2 Qe7 20. Be3 Bxe3
21. Qxe3 Rfd8 22. Raa1 Rd6 23. Qc5 Rad8 24. Rad1 b6 25. Qxb6 Rxd1 26. Rxd1
Rxd1+ 27. Kh2 Qg5 28. g3 Qd2 29. h4 Qxc2 30. Qb8+ Kh7 31. Qxe5 Qxf2+ 32. Kh3
Rh1+ 33. Kg4 Qe2+ 34. Kf5 Rf1+ 35. Qf4 Qh5# {White checkmated} 0-1